[Event "Titled Tuesday Blitz August 15 Early 2023"]
[White "NovoselovRoman"]
[Black "Bluebaum, Matthias"]
[BlackFideId "24651516"]
[WhiteElo "2601"]
[BlackElo "3007"]
[Result "0-1"]
[Round "2"]
[TimeControl "180+1"]
[Date "2023.08.15"]
[WhiteClock "0:00:00"]
[BlackClock "0:00:22"]
[Board "17"]

1. e4 e6 2. d4 d5 3. Nc3 Nf6 4. exd5 exd5 5. Bd3 c5 6. dxc5 Bxc5 7. Nf3 O-O 8. O-O h6 9. h3 Nc6 10. b3 Re8 11. Bb2 a6 12. a3 Qd6 13. Ne2 Ne4 14. Bxe4 dxe4 15. Qxd6 Bxd6 16. Nfd4 Be5 17. Rad1 Ne7 18. Nc3 f5 19. Na4 Bc7 20. Rfe1 Ng6 21. Bc1 b6 22. f3 Bd7 23. Nc3 Bg3 24. Re2 exf3 25. Nxf3 Bc6 26. Nd4 Be5 27. Rd3 Bb7 28. Nxf5 Bxc3 29. Rxe8+ Rxe8 30. Rxc3 Re1+ 31. Kf2 Rxc1 32. Rc7 Be4 33. Rxg7+ Kh8 34. Rxg6 Rxc2+ 35. Ke3 Bxf5 36. Rxh6+ Kg7 37. Rxb6 Bc8 38. g4 Rc3+ 39. Kd4 Rxh3 40. a4 Rh4 41. b4 Rxg4+ 42. Kc5 Kf7 43. Rc6 Rg8 44. b5 axb5 45. axb5 Ke7 46. Rc7+ Kd8 47. Rh7 Bd7 48. b6 Rg5+ 49. Kc4 Be6+ 50. Kb4 Kc8 51. Re7 Bd5 52. Rc7+ Kb8 53. Re7 Bc6 54. Rc7 Rb5+ 55. Kc4 Rxb6 56. Rg7 Bb7 57. Kc5 Rh6 58. Rg8+ Ka7 59. Rg7 Rh5+ 60. Kd4 Kb6 61. Rf7 Bc6 62. Rg7 Rh4+ 63. Kc3 Kc5 64. Rc7 Rh3+ 65. Kd2 Kd5 66. Rg7 Kd4 67. Rg4+ Be4 68. Rg7 Rh2+ 69. Kc1 Kc3 70. Rc7+ Kd3 71. Rd7+ Ke3 72. Rd8 Rc2+ 73. Kd1 Rc5 74. Rd6 Bf3+ 75. Ke1 Rc1+ 0-1


[Site "https://www.chess.com"]

[Event "Titled Tuesday Blitz August 15 Early 2023"]
[White "Kramnik, Vladimir"]
[Black "Kalashian, David"]
[WhiteFideId "4101588"]
[BlackFideId "13302418"]
[WhiteElo "3005"]
[BlackElo "2601"]
[Result "1-0"]
[Round "2"]
[TimeControl "180+1"]
[Date "2023.08.15"]
[WhiteClock "0:01:52"]
[BlackClock "0:01:07"]
[Board "18"]

1. c4 Nf6 2. Nc3 g6 3. g3 Bg7 4. Bg2 O-O 5. d3 d6 6. Rb1 a5 7. a3 c6 8. e4 c5 9. Nge2 Nc6 10. O-O Bg4 11. f3 Bd7 12. Be3 Ne8 13. f4 Nc7 14. d4 cxd4 15. Nxd4 Rc8 16. Ndb5 Ne6 17. Nd5 Ned4 18. Nxd4 Nxd4 19. Bxd4 1-0


[Site "https://www.chess.com"]

[Event "Titled Tuesday Blitz August 15 Early 2023"]
[White "Jia, Haoxiang"]
[Black "Drygalov, Sergey"]
[WhiteFideId "8602999"]
[BlackFideId "24171743"]
[WhiteElo "2595"]
[BlackElo "3004"]
[Result "0-1"]
[Round "2"]
[TimeControl "180+1"]
[Date "2023.08.15"]
[WhiteClock "0:00:03"]
[BlackClock "0:00:22"]
[Board "19"]

1. d4 Nf6 2. Bf4 d5 3. e3 c5 4. c3 Nc6 5. Nf3 Qb6 6. Qb3 c4 7. Qc2 Bf5 8. Qc1 e6 9. h3 h6 10. Nbd2 Be7 11. Ne5 O-O 12. Be2 Rfc8 13. g4 Bh7 14. h4 Nxe5 15. Bxe5 Nd7 16. Bf4 Qd8 17. g5 hxg5 18. hxg5 Bxg5 19. Bxg5 Qxg5 20. Nf3 Qf6 21. Kd2 Be4 22. Rh3 b5 23. Qh1 Kf8 24. Rg1 b4 25. Qh2 Ke7 26. Ne5 bxc3+ 27. Kxc3 Bf5 28. Rh5 Nb6 29. Bg4 Na4+ 30. Kd2 Be4 31. f3 Bg6 32. Nxg6+ Qxg6 33. Bf5 Qf6 34. Bc2 Nxb2 35. Rh7 Qxf3 36. Qh4+ Kd6 37. Qh2+ Kd7 38. Rhxg7 c3+ 39. Kc1 Qxe3+ 40. Kb1 Rf8 41. Rf1 Nc4 42. Rgxf7+ Rxf7 43. Rxf7+ Ke8 44. Rf1 Nd2+ 45. Ka1 Nxf1 46. Qh8+ Ke7 47. Qxa8 Qc1+ 48. Bb1 Qb2# 0-1


[Site "https://www.chess.com"]

[Event "Titled Tuesday Blitz August 15 Early 2023"]
[White "Tabatabaei, M. Amin"]
[Black "Ibadov, Dashgyn"]
[WhiteFideId "12521213"]
[BlackFideId "24107514"]
[WhiteElo "3001"]
[BlackElo "2592"]
[Result "1-0"]
[Round "2"]
[TimeControl "180+1"]
[Date "2023.08.15"]
[WhiteClock "0:00:58"]
[BlackClock "0:01:39"]
[Board "20"]

1. e4 e5 2. Nf3 Nc6 3. Bc4 Bc5 4. O-O Nf6 5. d3 d6 6. c3 a6 7. Re1 O-O 8. h3 Na5 9. b4 Nxc4 10. bxc5 Na5 11. cxd6 cxd6 12. Ba3 Re8 13. c4 b5 14. cxb5 axb5 15. Nc3 Rb8 16. Rb1 Bd7 17. Bxd6 Rc8 18. Qd2 Bxh3 19. Bxe5 Bg4 20. Bxf6 Qxf6 21. Nd5 Qd6 22. Qxa5 Bxf3 23. gxf3 Rc2 24. Qb6 Qe5 25. Qxb5 Rec8 26. Ne3 R2c5 27. Qd7 h6 28. d4 Qg5+ 29. Qg4 1-0


[Site "https://www.chess.com"]

[Event "Titled Tuesday Blitz August 15 Early 2023"]
[White "Dobrikov, Marco"]
[Black "Svane, Rasmus"]
[WhiteFideId "12950378"]
[BlackFideId "4657101"]
[WhiteElo "2590"]
[BlackElo "2997"]
[Result "1-0"]
[Round "2"]
[TimeControl "180+1"]
[Date "2023.08.15"]
[WhiteClock "0:02:06"]
[BlackClock "0:00:00"]
[Board "21"]

1. d4 d5 2. Bf4 e6 3. e3 Bd6 4. Bg3 Nf6 5. c4 O-O 6. Nc3 b6 7. Nf3 Bb7 8. Be2 dxc4 9. Bxc4 Nbd7 10. O-O Qe7 11. Qe2 Bxg3 12. hxg3 c5 13. Rfd1 Rfd8 14. Rac1 h6 15. Ba6 Bxa6 16. Qxa6 cxd4 17. exd4 Nb8 18. Qe2 Nc6 19. Rd2 1-0


[Site "https://www.chess.com"]

[Event "Titled Tuesday Blitz August 15 Early 2023"]
[White "Sadhwani, Raunak"]
[Black "Deng, Henry"]
[WhiteFideId "35093487"]
[BlackFideId "30965454"]
[WhiteElo "2992"]
[BlackElo "2588"]
[Result "1-0"]
[Round "2"]
[TimeControl "180+1"]
[Date "2023.08.15"]
[WhiteClock "0:00:26"]
[BlackClock "0:00:19"]
[Board "22"]

1. d4 Nf6 2. Nf3 g6 3. e3 Bg7 4. c4 O-O 5. Be2 d6 6. O-O Nbd7 7. Nc3 e5 8. b4 Re8 9. a4 a5 10. b5 b6 11. Ba3 Bb7 12. Rc1 Ne4 13. Nxe4 Bxe4 14. Re1 Rc8 15. Qd2 Qf6 16. Rcd1 Nf8 17. dxe5 dxe5 18. c5 Red8 19. Qc1 Ne6 20. c6 g5 21. Nd2 Bg6 22. Nc4 h5 23. h3 Kh7 24. Bb2 Qf5 25. g4 hxg4 26. hxg4 Qc2 27. Bxe5 Qxc1 28. Rxc1 Bxe5 29. Nxe5 Rd2 30. Bc4 Kg7 31. Bxe6 fxe6 32. Red1 Rcd8 33. Rxd2 Rxd2 34. Nc4 Rc2 35. Rxc2 Bxc2 36. Nxb6 Kf7 37. Nc4 Bxa4 38. b6 cxb6 39. c7 Bd7 40. Nxb6 Ke7 41. c8=Q Bxc8 42. Nxc8+ Kd7 43. Nb6+ Kc6 44. Nc4 a4 45. f4 Kc5 46. Na3 Kb4 47. Nb1 Kb3 48. f5 exf5 49. gxf5 Kb2 50. f6 Kxb1 51. f7 a3 52. f8=Q a2 53. Qf1+ Kb2 54. Qb5+ Kc2 55. Qa4+ Kb2 56. Qb4+ Kc2 57. Qa3 Kb1 58. Qb3+ Ka1 59. e4 g4 60. Qc2 g3 61. Qc1# 1-0


[Site "https://www.chess.com"]

[Event "Titled Tuesday Blitz August 15 Early 2023"]
[White "Chor, Kevin"]
[Black "Le, Tuan Minh"]
[WhiteFideId "2090740"]
[BlackFideId "12401153"]
[WhiteElo "2587"]
[BlackElo "2987"]
[Result "0-1"]
[Round "2"]
[TimeControl "180+1"]
[Date "2023.08.15"]
[WhiteClock "0:00:21"]
[BlackClock "0:01:37"]
[Board "23"]

1. e4 c5 2. Nf3 Nf6 3. e5 Nd5 4. Nc3 e6 5. Nxd5 exd5 6. c3 Nc6 7. d4 d6 8. exd6 Bxd6 9. Be2 O-O 10. O-O Re8 11. h3 Bf5 12. Be3 c4 13. b3 b5 14. b4 a5 15. a4 axb4 16. axb5 Na7 17. Qa4 b3 18. Ne5 b2 19. Rad1 Qb8 20. Bf3 Nxb5 0-1


[Site "https://www.chess.com"]

[Event "Titled Tuesday Blitz August 15 Early 2023"]
[White "Matlakov, Maxim"]
[Black "Milosevic, Milos"]
[WhiteFideId "4168003"]
[BlackFideId "964875"]
[WhiteElo "2979"]
[BlackElo "2584"]
[Result "1-0"]
[Round "2"]
[TimeControl "180+1"]
[Date "2023.08.15"]
[WhiteClock "0:02:02"]
[BlackClock "0:00:00"]
[Board "24"]

1. d4 Nf6 2. Nf3 g6 3. c4 Bg7 4. g3 O-O 5. Bg2 d6 6. O-O c5 7. d5 e6 8. Nc3 exd5 9. cxd5 a6 10. a4 Nbd7 11. Bf4 Re8 12. Re1 Nh5 13. Bg5 Qc7 14. Qd2 Ne5 15. Bh6 Nxf3+ 16. Bxf3 Nf6 17. Bxg7 Kxg7 18. e4 Bg4 19. Bg2 Re7 20. h3 Bd7 21. f4 Rae8 22. e5 Ng8 23. Ne4 Qb8 24. Nxd6 Rd8 25. Ne4 b6 26. Qc3 Bf5 27. Nd6 Bc8 28. Rad1 Kf8 29. Ne4 Bb7 30. Ng5 h6 31. Nh7+ Kg7 32. Nf6 Kh8 33. e6 fxe6 34. Nd7+ Kh7 35. Nxb8 1-0


[Site "https://www.chess.com"]

[Event "Titled Tuesday Blitz August 15 Early 2023"]
[White "Manukyan, Sargis A."]
[Black "Sjugirov, Sanan"]
[WhiteFideId "13303970"]
[BlackFideId "4189302"]
[WhiteElo "2584"]
[BlackElo "2967"]
[Result "1-0"]
[Round "2"]
[TimeControl "180+1"]
[Date "2023.08.15"]
[WhiteClock "0:00:43"]
[BlackClock "0:00:00"]
[Board "25"]

1. d4 Nf6 2. c4 e6 3. Nc3 Bb4 4. e3 Bxc3+ 5. bxc3 b6 6. Bd3 Bb7 7. f3 d6 8. Ne2 Nfd7 9. a4 Nc6 10. O-O Na5 11. e4 Ba6 12. f4 Bxc4 13. Bxc4 Nxc4 14. f5 exf5 15. exf5 Nf6 16. Qd3 d5 17. Bg5 Qd6 18. a5 Nxa5 19. Ng3 O-O 20. Bf4 Qc6 21. Be5 Nc4 22. Rae1 Rfe8 23. Qf3 Nd2 24. Qf4 Nxf1 25. Rxf1 a5 26. Qg5 a4 27. h4 a3 28. h5 h6 29. Qh4 a2 30. Ra1 Qxc3 31. Bxf6 Qxa1+ 32. Kh2 Qd1 33. Bxg7 Kxg7 34. f6+ Kh7 35. Qf4 Qd3 36. Nf5 Rh8 37. Qxh6+ 1-0


[Site "https://www.chess.com"]

[Event "Titled Tuesday Blitz August 15 Early 2023"]
[White "Elsa167"]
[Black "Musovic, Armin"]
[BlackFideId "939935"]
[WhiteElo "2964"]
[BlackElo "2583"]
[Result "1-0"]
[Round "2"]
[TimeControl "180+1"]
[Date "2023.08.15"]
[WhiteClock "0:00:08"]
[BlackClock "0:00:27"]
[Board "26"]

1. d4 d5 2. c4 c5 3. cxd5 Nf6 4. Nf3 cxd4 5. Qxd4 Qxd5 6. Nc3 Qxd4 7. Nxd4 a6 8. g3 e5 9. Nb3 Nc6 10. Bg2 Be6 11. Bg5 O-O-O 12. O-O Bxb3 13. axb3 Nd4 14. Rad1 Be7 15. Bxf6 Bxf6 16. e3 Nxb3 17. Bd5 Nc5 18. Bxf7 Rxd1 19. Rxd1 Rf8 20. Bc4 e4 21. Rd5 Be7 22. b4 Nd7 23. Nxe4 Bxb4 24. Rd4 Bc5 25. Rxd7 Kxd7 26. Nxc5+ Kd6 27. Nxb7+ Kc7 28. Bxa6 Kb6 29. Bd3 Kxb7 30. Bxh7 Kc6 31. Kg2 Kd5 32. h4 Ke5 33. f4+ Kf6 34. Be4 g6 35. g4 Rb8 36. g5+ Kg7 37. Bf3 Rb4 38. Kg3 Rb1 39. h5 Rb3 40. h6+ Kh7 41. e4 Re3 42. f5 Re1 43. Kf4 Rg1 44. f6 Ra1 45. e5 Ra4+ 46. Be4 Ra6 47. f7 Ra1 48. e6 Ra2 49. e7 Rf2+ 50. Bf3 Ra2 51. f8=Q Ra4+ 52. Kg3 Rg4+ 53. Kf2 Rg2+ 54. Ke3 Re2+ 55. Kd4 Re4+ 56. Kd5 Rd4+ 57. Ke5 Rd5+ 58. Ke6 Rd6+ 59. Kf7 1-0


[Site "https://www.chess.com"]

[Event "Titled Tuesday Blitz August 15 Early 2023"]
[White "Pert, Richard G"]
[Black "gmbenjaminbok"]
[WhiteFideId "404748"]
[WhiteElo "2577"]
[BlackElo "2961"]
[Result "1/2-1/2"]
[Round "2"]
[TimeControl "180+1"]
[Date "2023.08.15"]
[WhiteClock "0:00:11"]
[BlackClock "0:00:03"]
[Board "27"]

1. d4 Nf6 2. Bg5 d5 3. e3 c5 4. Bxf6 gxf6 5. dxc5 Nc6 6. Bb5 e6 7. c4 dxc4 8. Nd2 Qa5 9. Bxc4 Ne5 10. Be2 Bxc5 11. Nf3 Nxf3+ 12. Bxf3 O-O 13. O-O Rd8 14. Nb3 Qb6 15. Qc2 Bf8 16. Rac1 Bd7 17. Qc7 Bb5 18. Rfe1 Rd7 19. Qxb6 axb6 20. Nd4 Bd3 21. a3 Rad8 22. g3 f5 23. Red1 Be4 24. Be2 Bg7 25. f3 Bxd4 26. Rxd4 Rxd4 27. exd4 Bc6 28. Rd1 Ba4 29. Rd2 e5 30. d5 Rd6 31. Bc4 Kf8 32. Kf2 Ke8 33. Ke3 Ke7 34. f4 f6 35. h4 Be8 36. Ba2 Rd8 37. Bb1 Bg6 38. h5 Bxh5 39. Bxf5 Bg6 40. Bxg6 hxg6 41. fxe5 fxe5 42. Ke4 Kd6 43. Rf2 Rc8 44. Rf6+ Kd7 45. Kxe5 Rc2 46. Rxg6 Re2+ 47. Kd4 Rxb2 48. Rg7+ Kd6 49. Rxb7 Rb3 50. g4 b5 51. g5 Rxa3 52. g6 Ra4+ 53. Kc3 Rg4 54. g7 Kxd5 55. Rxb5+ Ke6 56. Rb7 Kf6 57. Kd3 Rxg7 58. Rxg7 Kxg7 1/2-1/2


[Site "https://www.chess.com"]

[Event "Titled Tuesday Blitz August 15 Early 2023"]
[White "Roebers, Eline"]
[Black "Makhnev, Denis"]
[WhiteFideId "1058401"]
[BlackFideId "13707647"]
[WhiteElo "2571"]
[BlackElo "2960"]
[Result "0-1"]
[Round "2"]
[TimeControl "180+1"]
[Date "2023.08.15"]
[WhiteClock "0:00:07"]
[BlackClock "0:00:15"]
[Board "28"]

1. e4 e5 2. Nf3 Nc6 3. Nc3 Nf6 4. a3 d5 5. Bb5 d4 6. Ne2 Bd6 7. d3 O-O 8. O-O Nd7 9. Ng3 Nb6 10. c3 dxc3 11. bxc3 Na5 12. d4 Bg4 13. h3 Bxf3 14. Qxf3 Nb3 15. Rb1 Nxc1 16. Rfxc1 g6 17. a4 c6 18. Bd3 Qc7 19. a5 Nd7 20. a6 b6 21. h4 h5 22. Bc4 Kg7 23. Re1 Nf6 24. Nf5+ gxf5 25. Qxf5 Nh7 26. Re3 Kh8 27. Qxh5 Rae8 28. Rf3 exd4 29. cxd4 f6 30. Bd3 c5 31. dxc5 Bxc5 32. Rf5 Re5 33. Rc1 Bxf2+ 34. Kxf2 Qxc1 35. Qg6 Qc5+ 0-1


[Site "https://www.chess.com"]

[Event "Titled Tuesday Blitz August 15 Early 2023"]
[White "Hakobyan, Aram"]
[Black "Keleberda, Tymur"]
[WhiteFideId "13306677"]
[BlackFideId "14174294"]
[WhiteElo "2960"]
[BlackElo "2570"]
[Result "1-0"]
[Round "2"]
[TimeControl "180+1"]
[Date "2023.08.15"]
[WhiteClock "0:00:01"]
[BlackClock "0:00:00"]
[Board "29"]

1. d4 Nf6 2. c4 e6 3. Nc3 Bb4 4. e3 Ne4 5. Ne2 b6 6. a3 Bxc3+ 7. bxc3 Bb7 8. f3 Nd6 9. Ng3 h5 10. c5 Nf5 11. e4 Nxg3 12. hxg3 h4 13. Bf4 bxc5 14. Rb1 Ba6 15. Rxb8 Rxb8 16. Bxa6 g5 17. Be3 cxd4 18. Bxd4 Rh6 19. gxh4 e5 20. Bc5 Rxh4 21. Rxh4 gxh4 22. Bd3 a5 23. Qd2 Qf6 24. Kf1 Rb3 25. Bc2 Rb2 26. Qc1 Rb5 27. Bf2 h3 28. Kg1 hxg2 29. Kxg2 Rb8 30. Qe3 Qc6 31. Qg5 Rb2 32. Qxe5+ Kf8 33. Bd3 Qg6+ 34. Qg3 Qh6 35. Qxc7 Qd2 36. Qg3 Qxd3 37. Kh3 Qxc3 38. Qd6+ Ke8 39. Kg4 Qg7+ 40. Kf4 Rb5 41. Bh4 1-0


[Site "https://www.chess.com"]

[Event "Titled Tuesday Blitz August 15 Early 2023"]
[White "Principe, Alexander"]
[Black "Makarian, Rudik"]
[WhiteFideId "3804542"]
[BlackFideId "44105681"]
[WhiteElo "2569"]
[BlackElo "2956"]
[Result "0-1"]
[Round "2"]
[TimeControl "180+1"]
[Date "2023.08.15"]
[WhiteClock "0:00:04"]
[BlackClock "0:01:05"]
[Board "30"]

1. e4 c5 2. Nf3 d6 3. d4 cxd4 4. Nxd4 Nf6 5. Nc3 Nc6 6. Bg5 Bd7 7. Qd2 h6 8. Bxf6 gxf6 9. O-O-O Nxd4 10. Qxd4 Qa5 11. f4 Rc8 12. Kb1 h5 13. Bd3 Qc5 14. Qxc5 Rxc5 15. Nd5 h4 16. c4 a5 17. Rhg1 Bg7 18. f5 Bh6 19. b3 Bg5 20. a3 e6 21. b4 axb4 22. axb4 Rc6 23. b5 Rc5 24. Nb6 Bf4 25. h3 Ke7 26. Kb2 Be5+ 27. Kb3 Rg8 28. Be2 Rg3+ 29. Rd3 Rg5 30. Bf3 Bxb5 31. cxb5 Rxb5+ 32. Ka4 Rxb6 33. Rc1 Kd7 34. Rb3 Rxb3 35. Kxb3 Rg8 36. Rc4 b5 37. Rb4 Kc6 38. Be2 Rxg2 39. Bxb5+ Kc5 40. Ka3 Rg3+ 41. Ka4 Rxh3 42. fxe6 fxe6 43. Bd7 Rh1 44. Bxe6 Ra1+ 45. Kb3 Rb1+ 0-1


[Site "https://www.chess.com"]

[Event "Titled Tuesday Blitz August 15 Early 2023"]
[White "Shtembuliak, Evgeny"]
[Black "Souleidis, Georgios"]
[WhiteFideId "14113325"]
[BlackFideId "4206827"]
[WhiteElo "2952"]
[BlackElo "2563"]
[Result "1-0"]
[Round "2"]
[TimeControl "180+1"]
[Date "2023.08.15"]
[WhiteClock "0:00:13"]
[BlackClock "0:00:00"]
[Board "31"]

1. c4 e5 2. Nc3 Nf6 3. Nf3 e4 4. Ng5 c6 5. Ngxe4 Nxe4 6. Nxe4 d5 7. cxd5 cxd5 8. Ng3 h5 9. e3 h4 10. Ne2 Nc6 11. h3 Bf5 12. d3 Qf6 13. a3 O-O-O 14. Bd2 Kb8 15. Bc3 Qg6 16. Nd4 Nxd4 17. Bxd4 Rc8 18. Be2 Bc5 19. Be5+ Ka8 20. Bg4 Bxd3 21. Bxc8 Rxc8 22. Qg4 Qc6 23. Rc1 Bb4+ 24. Bc3 f5 25. Qxb4 d4 26. Qxd4 Qxg2 27. Qxd3 Qxh1+ 28. Qf1 Qf3 29. Bd2 Rd8 30. Ba5 b6 31. Bc3 g5 32. Bd4 g4 33. hxg4 fxg4 34. Qc4 h3 35. Qc6+ Qxc6 36. Rxc6 Rd7 37. Rh6 Kb7 38. Rh4 1-0


[Site "https://www.chess.com"]

[Event "Titled Tuesday Blitz August 15 Early 2023"]
[White "Przybylski, Wojciech"]
[Black "Chigaev, Maksim"]
[WhiteFideId "1117599"]
[BlackFideId "4108116"]
[WhiteElo "2562"]
[BlackElo "2948"]
[Result "1/2-1/2"]
[Round "2"]
[TimeControl "180+1"]
[Date "2023.08.15"]
[WhiteClock "0:00:08"]
[BlackClock "0:00:09"]
[Board "32"]

1. d4 Nf6 2. c4 e6 3. Nf3 d5 4. e3 Be7 5. Be2 O-O 6. O-O dxc4 7. Bxc4 a6 8. a4 c5 9. dxc5 Bxc5 10. b3 Nc6 11. Bb2 Qe7 12. Nc3 Rd8 13. Qe2 h6 14. Rfd1 Bd7 15. h3 Be8 16. Nd2 Bd6 17. f4 Na5 18. Bd3 Bb4 19. Rab1 Bc6 20. Nce4 Nxe4 21. Nxe4 f5 22. Nd2 Bd5 23. Nc4 Nxc4 24. bxc4 Bc6 25. Bxg7 Kxg7 26. Qb2+ Kf7 27. Qxb4 Qxb4 28. Rxb4 Rd6 29. Be2 Rad8 30. Rxd6 Rxd6 31. Bf3 Bxf3 32. gxf3 b6 33. a5 bxa5 34. Ra4 Rd3 35. Kf2 Rd2+ 36. Kf1 Rc2 37. Rxa5 Rxc4 38. Rxa6 Rc2 39. Rd6 Rh2 40. Kg1 Ra2 41. Rd3 Kf6 42. Rc3 Rb2 43. Rc6 Ra2 44. Rc8 Rb2 45. Kf1 Rh2 46. Rf8+ Kg7 47. Re8 Kf7 48. Rh8 Kg7 49. Rc8 Ra2 50. Rc7+ Kf6 51. Rb7 Rc2 52. h4 h5 53. Rh7 Kg6 54. Rh8 Rh2 55. Rf8 Kg7 56. Rc8 Ra2 57. Rb8 Kf7 58. Rh8 Kg6 59. Re8 Kf7 60. Rh8 Kg6 61. Rg8+ Kf7 62. Rg5 Ra3 63. Kf2 Ra2+ 64. Kf1 Ra3 65. Ke2 Ra2+ 66. Kd3 Ra3+ 67. Kd4 Ra4+ 68. Kc3 Ra3+ 69. Kd2 Ra2+ 70. Ke1 Ra3 71. Kf2 Ra2+ 72. Kg3 Re2 73. Rxh5 Rxe3 74. Rh7+ Kg6 75. Re7 Re2 76. Re8 Kf7 77. Rb8 Kg7 78. Rb7+ Kg6 79. Rb8 Kh6 80. Rg8 Kh7 81. Re8 Kg6 82. Rb8 Kh6 83. Rb1 Kg6 84. Rg1 Kh6 85. Ra1 Kg6 86. Ra8 Kh6 87. Rh8+ Kg7 88. Rd8 Kg6 89. Rd7 1/2-1/2


[Site "https://www.chess.com"]

[Event "Titled Tuesday Blitz August 15 Early 2023"]
[White "Demidov, Mikhail"]
[Black "Di Nicolantonio, Lucas"]
[WhiteFideId "4197143"]
[BlackFideId "680460"]
[WhiteElo "2945"]
[BlackElo "2561"]
[Result "0-1"]
[Round "2"]
[TimeControl "180+1"]
[Date "2023.08.15"]
[WhiteClock "0:00:00"]
[BlackClock "0:00:24"]
[Board "33"]

1. b3 e5 2. Bb2 Nc6 3. e3 d5 4. Bb5 Ne7 5. c4 a6 6. Ba4 Be6 7. d3 Rb8 8. Bxc6+ Nxc6 9. cxd5 Qxd5 10. Nf3 Bb4+ 11. Ke2 Rd8 12. Qc2 e4 13. Rd1 exf3+ 14. gxf3 O-O 15. Nc3 Qh5 16. Ne4 f6 17. Ng3 Qh3 18. d4 Rfe8 19. Rg1 Kh8 20. Rad1 Bd5 21. Ne4 Qh5 22. Kf1 Qxf3 23. Ng3 Rxe3 24. Bc1 Nxd4 0-1


[Site "https://www.chess.com"]

[Event "Titled Tuesday Blitz August 15 Early 2023"]
[White "Ismagilov, Damir"]
[Black "Kamsky, Gata"]
[WhiteFideId "34199982"]
[BlackFideId "2000024"]
[WhiteElo "2560"]
[BlackElo "2929"]
[Result "1/2-1/2"]
[Round "2"]
[TimeControl "180+1"]
[Date "2023.08.15"]
[WhiteClock "0:00:09"]
[BlackClock "0:00:05"]
[Board "34"]

1. d4 Nf6 2. c4 g6 3. Nc3 Bg7 4. e4 d6 5. Be2 e5 6. Nf3 O-O 7. O-O Na6 8. Be3 Ng4 9. Bg5 Qe8 10. Rc1 h6 11. Bh4 c6 12. h3 Nf6 13. Bxf6 Bxf6 14. d5 c5 15. a3 Bd7 16. Rb1 b6 17. b4 Qe7 18. b5 Nc7 19. a4 Bg7 20. a5 f5 21. Ra1 f4 22. Qd3 Rfb8 23. Ra2 a6 24. axb6 Rxb6 25. Rfa1 Qd8 26. Nd2 h5 27. Bd1 axb5 28. Rxa8 Nxa8 29. cxb5 Rb8 30. Ra6 Bc8 31. Ra7 Nb6 32. Nc4 Rb7 33. Rxb7 Bxb7 34. Na5 Bc8 35. Nc6 Qc7 36. Qb1 Bf6 37. Qa2 Kg7 38. Qa7 Qxa7 39. Nxa7 Bd8 40. Nc6 Bc7 41. Kf1 Bd7 42. Ke2 g5 43. Kd3 g4 44. hxg4 hxg4 45. Na4 Nxa4 46. Bxa4 Bb6 47. Kc4 Kf6 48. Bd1 Kg5 49. Be2 g3 50. f3 Bh3 51. Bf1 Bd7 52. Ne7 Kf6 53. Nc6 Be8 54. Nb8 Ke7 55. Nc6+ Kd7 56. Be2 Kc7 57. Bf1 Bd7 58. Be2 Kb7 59. Bf1 Bc7 60. Be2 Kb6 61. Bf1 Be8 62. Be2 Bd7 63. Bd3 Kb7 64. Be2 Bb6 65. Bd3 Kc7 66. Be2 Kb7 1/2-1/2


[Site "https://www.chess.com"]

[Event "Titled Tuesday Blitz August 15 Early 2023"]
[White "Terry, Renato"]
[Black "Karamsetty, Jeevan"]
[WhiteFideId "3803457"]
[BlackFideId "2025337"]
[WhiteElo "2924"]
[BlackElo "2558"]
[Result "1-0"]
[Round "2"]
[TimeControl "180+1"]
[Date "2023.08.15"]
[WhiteClock "0:01:21"]
[BlackClock "0:00:01"]
[Board "35"]

1. e4 d6 2. d4 Nf6 3. Nc3 e5 4. dxe5 dxe5 5. Qxd8+ Kxd8 6. Bg5 c6 7. Nf3 Bd6 8. Bc4 Rf8 9. O-O-O Kc7 10. Bh4 h6 11. a3 a5 12. Rd2 Bg4 13. Rhd1 Bxf3 14. gxf3 Bc5 15. Bg3 Nbd7 16. f4 Rae8 17. fxe5 Nxe5 18. Bb3 Kc8 19. Kb1 Nh5 20. f4 Nxg3 21. hxg3 Ng4 22. e5 b5 23. Ne4 Be7 24. a4 Rd8 25. Rxd8+ Rxd8 26. Rxd8+ Kxd8 27. axb5 cxb5 28. Bxf7 Kc7 29. c3 Ne3 30. Kc1 b4 31. Kd2 Nf5 32. Bg6 bxc3+ 33. bxc3 Nh4 34. gxh4 Bxh4 35. Nc5 Kc6 36. Ne6 Bg3 37. Ke3 Kd5 38. Nxg7 a4 39. Nf5 a3 40. Bf7+ Kc5 41. Nxg3 1-0


[Site "https://www.chess.com"]

[Event "Titled Tuesday Blitz August 15 Early 2023"]
[White "Shapiro, Viktor"]
[Black "Kovalenko, Igor"]
[WhiteFideId "4175700"]
[BlackFideId "14117908"]
[WhiteElo "2554"]
[BlackElo "2924"]
[Result "0-1"]
[Round "2"]
[TimeControl "180+1"]
[Date "2023.08.15"]
[WhiteClock "0:00:05"]
[BlackClock "0:00:29"]
[Board "36"]

1. Nf3 d5 2. g3 Nd7 3. Bg2 e5 4. d3 Ngf6 5. O-O Bd6 6. c4 c6 7. Nc3 O-O 8. e4 dxc4 9. dxc4 Nc5 10. Qc2 a5 11. b3 Re8 12. Bb2 Bg4 13. h3 Bxf3 14. Bxf3 Ne6 15. Ne2 Qc7 16. Rad1 Bc5 17. a3 h5 18. h4 g6 19. Qc1 Rad8 20. Qa1 Rxd1 21. Rxd1 Nd7 22. Bc3 Bf8 23. Qb2 c5 24. Rd5 Nd4 25. Nxd4 exd4 26. Bd2 Nf6 27. Bf4 Qb6 28. e5 Nxd5 29. Bxd5 a4 30. Qb1 axb3 31. e6 Rxe6 32. Bxe6 Qxe6 33. Qxb3 Qc6 34. a4 b6 35. Bg5 f6 36. Bf4 Bd6 37. Bd2 Bc7 38. Qb1 Kf7 39. Qc2 Qd7 40. Qe4 f5 41. Qb7 Ke6 42. Qa8 Bd8 43. Kf1 d3 44. Ke1 Kf7 45. Kd1 Bf6 46. Bg5 Bc3 47. Be3 f4 48. gxf4 Qg4+ 49. f3 Qe6 50. Qe4 Qd7 51. Qa8 Kg7 52. f5 Qxf5 53. Qb7+ Qf7 54. Qe4 Qd7 55. Qa8 Kh7 56. Bd2 Bf6 57. Kc1 Bxh4 58. a5 bxa5 59. Qxa5 Be7 60. Qa6 h4 61. Qb7 Qxb7 0-1


[Site "https://www.chess.com"]

[Event "Titled Tuesday Blitz August 15 Early 2023"]
[White "Drygalov, Andrey"]
[Black "Ismayil, Malak"]
[WhiteFideId "24171735"]
[BlackFideId "13412604"]
[WhiteElo "2922"]
[BlackElo "2554"]
[Result "1-0"]
[Round "2"]
[TimeControl "180+1"]
[Date "2023.08.15"]
[WhiteClock "0:00:51"]
[BlackClock "0:00:17"]
[Board "37"]

1. e4 e5 2. Nf3 Nc6 3. Bc4 Bc5 4. O-O Nf6 5. d3 h6 6. c3 O-O 7. Re1 d6 8. h3 a6 9. Bb3 Re8 10. Nbd2 Be6 11. Bc2 Qd7 12. Nf1 Bb6 13. Ng3 Rad8 14. d4 exd4 15. cxd4 Bxh3 16. gxh3 Qxh3 17. Qd3 Nb4 18. Qb3 Nxc2 19. Qxc2 Ng4 20. Qd3 Re6 21. Qf1 Nxf2 22. Qxh3 Nxh3+ 23. Kg2 Ng5 24. Nxg5 hxg5 25. Bxg5 Rde8 26. d5 Rg6 27. Bf4 Bd4 28. Rac1 Re7 29. Kf3 Bb6 30. Nf5 Re8 31. Rh1 Rf6 32. Bg5 Rg6 33. Ne7+ 1-0


[Site "https://www.chess.com"]

[Event "Titled Tuesday Blitz August 15 Early 2023"]
[White "Fieberg, Samuel"]
[Black "Perez Ponsa, Federico"]
[WhiteFideId "12901717"]
[BlackFideId "117927"]
[WhiteElo "2552"]
[BlackElo "2920"]
[Result "0-1"]
[Round "2"]
[TimeControl "180+1"]
[Date "2023.08.15"]
[WhiteClock "0:00:03"]
[BlackClock "0:00:09"]
[Board "38"]

1. Nf3 Nf6 2. g3 g6 3. b3 Bg7 4. Bb2 d5 5. Bg2 c5 6. d4 Ne4 7. Nfd2 Qa5 8. O-O Nxd2 9. Qxd2 Qxd2 10. Nxd2 cxd4 11. Bxd5 Nc6 12. Bxc6+ bxc6 13. e3 Bh3 14. Rfe1 c5 15. exd4 cxd4 16. Nf3 Rd8 17. Rad1 Bg4 18. Kg2 Rd7 19. h3 Bxf3+ 20. Kxf3 O-O 21. g4 e5 22. g5 f5 23. gxf6 Rxf6+ 24. Kg2 Rf5 25. Rd3 Rdf7 26. f3 Bh6 27. Bc1 Bxc1 28. Rxc1 Rg5+ 29. Kf2 e4 30. Rxd4 Rxf3+ 31. Ke2 Rg2+ 32. Ke1 Rg1+ 33. Kd2 Rg2+ 34. Ke1 e3 35. Rcd1 Rxh3 36. Rf4 Rh1+ 37. Rf1 Rxf1+ 38. Kxf1 e2+ 0-1


[Site "https://www.chess.com"]